MLB
MILWAUKEE BREWERS @ WASHINGTON NATIONALS
09/16/2041
 
TOP OF THE 1ST
Milwaukee Brewers batting - Pitching for Washington Nationals : RHP Ed Ray
Pitching: RHP Ed Ray
Batting: SHB José Hernández 0-0: Ball
1-0: Foul Ball, location: 2RF
1-1: Foul Ball, location: 5SF
1-2: Fly out, F6 (Popup, 5D, EV 67.5 MPH)
Batting: RHB Rico Rodríguez 0-0: Ground out 5-3 (Groundball, 56S, EV 86.3 MPH)
Batting: RHB Pepe Franco 0-0: Ball
1-0: Swinging Strike
1-1: Foul Ball, location: 2F
1-2: Ball
2-2: Foul Ball, location: 3F
2-2: Ball
3-2: Strikes out swinging
Top of the 1st over - 0 runs, 0 hits, 0 errors, 0 left on base; Milwaukee 0 - Washington 0
BOTTOM OF THE 1ST
Washington Nationals batting - Pitching for Milwaukee Brewers : RHP Arturo Gil
Pitching: RHP Arturo Gil
Batting: LHB Dana Martin 0-0: Reached on error, E4 (Groundball, 4M, EV 85.6 MPH)
Batting: SHB Luis Mota 0-0: Foul Ball, location: 3DF
0-1: Foul Ball, location: 2LF
0-2: Strikes out swinging
Batting: SHB António Villarreal 0-0: Ball
Dana Martin steals 3rd base
1-0: Ground out 5-3 (Groundball, 56, EV 102.5 MPH)
Dana Martin scores
Batting: RHB Doug Watts 0-0: Called Strike
0-1: Foul Ball, location: 2F
0-2: Ball
1-2: DOUBLE (Flyball, 8RXD, EV 103.1 MPH)
Batting: LHB Brad Numbers 0-0: Called Strike
0-1: Foul Ball, location: 5SF
0-2: Foul Ball, location: 7LSF
0-2: Ball
1-2: DOUBLE (Line Drive, 7LD, EV 103.8 MPH)
Doug Watts scores
Batting: SHB Dave Dulin 0-0: Called Strike
0-1: Called Strike
0-2: Ball
1-2: Strikes out swinging
Bottom of the 1st over - 2 runs, 2 hits, 1 error, 1 left on base; Milwaukee 0 - Washington 2
TOP OF THE 2ND
Milwaukee Brewers batting - Pitching for Washington Nationals : RHP Ed Ray
Batting: LHB Jorge Ramírez 0-0: Ball
1-0: Swinging Strike
1-1: Called Strike
1-2: Foul Ball, location: 7LMF
1-2: Strikes out swinging
Batting: RHB Josh Forrest 0-0: Swinging Strike
0-1: Swinging Strike
0-2: Ball
1-2: Ball
2-2: Foul Ball, location: 7LDF
2-2: Foul Ball, location: 25FF
2-2: Fly out, F8 (Line Drive, 8RS, EV 96.9 MPH)
Batting: RHB José Cruz 0-0: Ground out 3-1 (Groundball, 34S, EV 85.0 MPH)
Top of the 2nd over - 0 runs, 0 hits, 0 errors, 0 left on base; Milwaukee 0 - Washington 2
BOTTOM OF THE 2ND
Washington Nationals batting - Pitching for Milwaukee Brewers : RHP Arturo Gil
Batting: LHB Bob Mundarain 0-0: Ball
1-0: Called Strike
1-1: SINGLE (Groundball, 6D, EV 95.0 MPH)
Batting: SHB Jorge Acosta 0-0: 2-RUN HOME RUN (Flyball, 7LD, EV 92.5 MPH), Distance : 350 ft
Batting: LHB Eric Tushinghem 0-0: Ball
1-0: Called Strike
1-1: Ball
2-1: Ball
3-1: SINGLE (Groundball, 4, EV 92.5 MPH)
Batting: LHB Dana Martin 0-0: Called Strike
0-1: Swinging Strike
0-2: Ball
1-2: Ball
2-2: Ball
3-2: Base on Balls
Eric Tushinghem to second
Batting: SHB Luis Mota 0-0: Ball
1-0: Ball
2-0: Sac Bunt to 3S - play at first, batter OUT! 3-4
Eric Tushinghem to third
Dana Martin to second
Batting: SHB António Villarreal 0-0: Called Strike
0-1: Fly out, F5 (Popup, 56S, EV 75.6 MPH)
Batting: RHB Doug Watts 0-0: Called Strike
0-1: 3-RUN HOME RUN (Flyball, 7LD, EV 96.3 MPH), Distance : 342 ft
Batting: LHB Brad Numbers 0-0: Ball
1-0: Ball
2-0: Ball
3-0: Called Strike
3-1: Called Strike
3-2: DOUBLE (Flyball, 8LXD, EV 111.9 MPH)
Batting: SHB Dave Dulin 0-0: Ball
1-0: Called Strike
1-1: Called Strike
1-2: Ball
2-2: Ball
3-2: Base on Balls
Batting: LHB Bob Mundarain 0-0: Ball
1-0: Swinging Strike
1-1: Ball
2-1: Fly out, F8 (Flyball, 8LD, EV 98.8 MPH)
Bottom of the 2nd over - 5 runs, 5 hits, 0 errors, 2 left on base; Milwaukee 0 - Washington 7
TOP OF THE 3RD
Milwaukee Brewers batting - Pitching for Washington Nationals : RHP Ed Ray
Batting: LHB Dave Lynch 0-0: Ball
1-0: Ball
2-0: Hit by Pitch
Batting: RHB Juan Alvarado 0-0: Swinging Strike
0-1: Ball
1-1: Ball
2-1: Swinging Strike
2-2: Ground out 4-3 (Groundball, 4S, EV 76.9 MPH)
Dave Lynch to second
Batting: SHB Jim Henderson Jr. 0-0: Called Strike
0-1: Swinging Strike
0-2: Ball
1-2: SINGLE (Groundball, 6MD, EV 103.1 MPH)
Dave Lynch to third
Batting: SHB José Hernández 0-0: Ball
1-0: Ball
2-0: Swinging Strike
2-1: Ball
3-1: Swinging Strike
3-2: Grounds into double play, 6-4-3 (Groundball, 6, EV 83.8 MPH)
Top of the 3rd over - 0 runs, 1 hit, 0 errors, 1 left on base; Milwaukee 0 - Washington 7
BOTTOM OF THE 3RD
Washington Nationals batting - Pitching for Milwaukee Brewers : RHP Arturo Gil
Batting: SHB Jorge Acosta 0-0: Foul Ball, location: 7LDF
0-1: Ball
1-1: Swinging Strike
1-2: Ball
2-2: Fly out, F8 (Line Drive, 8LM, EV 95.6 MPH)
Batting: LHB Eric Tushinghem 0-0: Ball
1-0: Ground out 6-3 (Groundball, 6S, EV 70.6 MPH)
Batting: LHB Dana Martin 0-0: Ground out 6-3 (Groundball, 6, EV 107.5 MPH)
Bottom of the 3rd over - 0 runs, 0 hits, 0 errors, 0 left on base; Milwaukee 0 - Washington 7
TOP OF THE 4TH
Milwaukee Brewers batting - Pitching for Washington Nationals : RHP Ed Ray
Batting: RHB Rico Rodríguez 0-0: Called Strike
0-1: SINGLE (Groundball, 56D, EV 98.1 MPH)
Batting: RHB Pepe Franco 0-0: Called Strike
0-1: Grounds into double play, 6-4-3 (Groundball, 6, EV 75.6 MPH)
Batting: LHB Jorge Ramírez 0-0: Ball
1-0: Foul Ball, location: 25F
1-1: Called Strike
1-2: Foul Ball, location: 3F
1-2: Foul Ball, location: 2F
1-2: Strikes out looking
Top of the 4th over - 0 runs, 1 hit, 0 errors, 0 left on base; Milwaukee 0 - Washington 7
BOTTOM OF THE 4TH
Washington Nationals batting - Pitching for Milwaukee Brewers : RHP Arturo Gil
Batting: SHB Luis Mota 0-0: Called Strike
0-1: Fly out, F8 (Flyball, 8RD, EV 103.1 MPH)
Batting: SHB António Villarreal 0-0: SINGLE (Groundball, 34D, EV 98.1 MPH)
Pitching: RHP José Durán
Batting: RHB Doug Watts 0-0: Called Strike
0-1: Ball
1-1: Called Strike
1-2: Fly out, F8 (Line Drive, 8RM, EV 85.0 MPH)
Batting: LHB Brad Numbers 0-0: Ball
1-0: Swinging Strike
1-1: Ball
2-1: Ball
3-1: Foul Ball, location: 2F
3-2: 2-RUN HOME RUN (Flyball, 7D, EV 96.9 MPH), Distance : 383 ft
Batting: SHB Dave Dulin 0-0: Swinging Strike
0-1: Foul Ball, location: 3FF
0-2: Fly out, F7 (Flyball, 7, EV 96.3 MPH)
Bottom of the 4th over - 2 runs, 2 hits, 0 errors, 0 left on base; Milwaukee 0 - Washington 9
TOP OF THE 5TH
Milwaukee Brewers batting - Pitching for Washington Nationals : RHP Ed Ray
Batting: RHB Josh Forrest 0-0: Ball
1-0: Called Strike
1-1: Fly out, F2 (Popup, 23F, EV 90.6 MPH)
Batting: RHB José Cruz 0-0: Ball
1-0: Foul Ball, location: 2RF
1-1: Fly out, F8 (Flyball, 78M, EV 79.4 MPH)
Batting: LHB Dave Lynch 0-0: Ball
1-0: Ball
2-0: Called Strike
2-1: Fly out, F7 (Flyball, 7, EV 96.3 MPH)
Top of the 5th over - 0 runs, 0 hits, 0 errors, 0 left on base; Milwaukee 0 - Washington 9
BOTTOM OF THE 5TH
Washington Nationals batting - Pitching for Milwaukee Brewers : RHP José Durán
Batting: LHB Bob Mundarain 0-0: Called Strike
0-1: Ball
1-1: Foul Ball, location: 3F
1-2: Fly out, F5 (Popup, 5SF, EV 75.0 MPH)
Batting: SHB Jorge Acosta 0-0: Ball
1-0: Swinging Strike
1-1: Called Strike
1-2: Strikes out swinging
Batting: LHB Eric Tushinghem 0-0: SINGLE (Line Drive, 3D, EV 106.9 MPH)
Batting: LHB Dana Martin 0-0: Called Strike
0-1: Foul Ball, location: 2F
0-2: Foul Ball, location: 7LDF
0-2: Ball
1-2: Ball
2-2: Ground out 4-3 (Groundball, 4, EV 92.5 MPH)
Bottom of the 5th over - 0 runs, 1 hit, 0 errors, 1 left on base; Milwaukee 0 - Washington 9
TOP OF THE 6TH
Milwaukee Brewers batting - Pitching for Washington Nationals : RHP Ed Ray
Batting: RHB Juan Alvarado 0-0: Fly out, F2 (Popup, 23F, EV 86.3 MPH)
Batting: SHB Jim Henderson Jr. 0-0: Ball
1-0: Ball
2-0: Fly out, F7 (Flyball, 78S, EV 96.9 MPH)
Batting: SHB José Hernández 0-0: Ground out 6-3 (Groundball, 6, EV 86.3 MPH)
Top of the 6th over - 0 runs, 0 hits, 0 errors, 0 left on base; Milwaukee 0 - Washington 9
BOTTOM OF THE 6TH
Washington Nationals batting - Pitching for Milwaukee Brewers : RHP José Durán
Batting: SHB Luis Mota 0-0: Ball
1-0: Called Strike
1-1: Foul Ball, location: 7LSF
1-2: Foul Ball, location: 2F
1-2: Ground out U3 (Groundball, 3S, EV 91.3 MPH)
Batting: SHB António Villarreal 0-0: Foul Ball, location: 5SF
0-1: Swinging Strike
0-2: Strikes out swinging
Batting: RHB Doug Watts 0-0: Called Strike
0-1: Ball
1-1: Ball
2-1: Fly out, F8 (Flyball, 89D, EV 98.1 MPH)
Bottom of the 6th over - 0 runs, 0 hits, 0 errors, 0 left on base; Milwaukee 0 - Washington 9
TOP OF THE 7TH
Milwaukee Brewers batting - Pitching for Washington Nationals : RHP Ed Ray
Batting: RHB Rico Rodríguez 0-0: Foul Ball, location: 2F
0-1: Ball
1-1: Called Strike
1-2: Ball
2-2: Strikes out looking
Batting: RHB Pepe Franco 0-0: Ball
1-0: Called Strike
1-1: SINGLE (Groundball, 4S, EV 62.5 MPH) (infield hit)
Batting: LHB Jorge Ramírez 0-0: Ball
1-0: Called Strike
1-1: Foul Ball, location: 3F
1-2: SINGLE (Groundball, 6S, EV 67.5 MPH) (infield hit)
Pepe Franco to second
Batting: RHB Josh Forrest 0-0: Swinging Strike
0-1: Swinging Strike
0-2: Ball
1-2: Foul Ball, location: 23FF
1-2: Grounds into double play, 6-4-3 (Groundball, 6, EV 99.4 MPH)
Top of the 7th over - 0 runs, 2 hits, 0 errors, 1 left on base; Milwaukee 0 - Washington 9
BOTTOM OF THE 7TH
Washington Nationals batting - Pitching for Milwaukee Brewers : RHP José Durán
Batting: LHB Brad Numbers 0-0: Swinging Strike
0-1: Called Strike
0-2: Strikes out swinging
Pinch Hitting: RHB Juan Palácios 0-0: Swinging Strike
0-1: Ball
1-1: Swinging Strike
1-2: Strikes out looking
Batting: LHB Bob Mundarain 0-0: Ball
1-0: Ball
2-0: Ball
3-0: Called Strike
3-1: Foul Ball, location: 3F
3-2: Strikes out swinging
Bottom of the 7th over - 0 runs, 0 hits, 0 errors, 0 left on base; Milwaukee 0 - Washington 9
TOP OF THE 8TH
Milwaukee Brewers batting - Pitching for Washington Nationals : RHP Ed Ray
Now at 1B: Jon Thurman
Batting: RHB José Cruz 0-0: Ball
1-0: Ball
2-0: Called Strike
2-1: Ball
3-1: Ground out 1-3 (Groundball, 23, EV 64.4 MPH)
Batting: LHB Dave Lynch 0-0: Called Strike
0-1: TRIPLE (Line Drive, 9D, EV 108.1 MPH)
Batting: RHB Juan Alvarado 0-0: Ball
1-0: Swinging Strike
1-1: Swinging Strike
1-2: Strikes out looking
Batting: SHB Jim Henderson Jr. 0-0: Ball
1-0: Ball
2-0: Called Strike
2-1: Foul Ball, location: 2F
2-2: Fly out, F9 (Flyball, 89M, EV 90.6 MPH)
Top of the 8th over - 0 runs, 1 hit, 0 errors, 1 left on base; Milwaukee 0 - Washington 9
BOTTOM OF THE 8TH
Washington Nationals batting - Pitching for Milwaukee Brewers : RHP José Durán
Pitching: RHP Tim Sulejmani
Pinch Hitting: RHB Jerry Clayton 0-0: Ball
1-0: Ball
2-0: Called Strike
2-1: Fly out, F4 (Popup, 34S, EV 66.3 MPH)
Batting: LHB Eric Tushinghem 0-0: Ball
1-0: Foul Ball, location: 2F
1-1: Ball
2-1: Ball
3-1: Fly out, F8 (Flyball, 8LD, EV 94.4 MPH)
Pinch Hitting: LHB Dwayne Charles 0-0: Called Strike
0-1: Called Strike
0-2: Foul Ball, location: 9LSFF
0-2: Strikes out swinging
Bottom of the 8th over - 0 runs, 0 hits, 0 errors, 0 left on base; Milwaukee 0 - Washington 9
TOP OF THE 9TH
Milwaukee Brewers batting - Pitching for Washington Nationals : RHP Ed Ray
Now at 3B: Jerry Clayton
Now in LF: Dwayne Charles
Batting: SHB José Hernández 0-0: Ground out 5-3 (Groundball, 5, EV 105.0 MPH)
Batting: RHB Rico Rodríguez 0-0: Ball
1-0: Ball
2-0: Called Strike
2-1: Foul Ball, location: 2F
2-2: Foul Ball, location: 2F
2-2: Strikes out looking
Batting: RHB Pepe Franco 0-0: Ball
1-0: Foul Ball, location: 9LSF
1-1: Ball
2-1: Called Strike
2-2: Foul Ball, location: 2F
2-2: Ball
3-2: Strikes out swinging
Top of the 9th over - 0 runs, 0 hits, 0 errors, 0 left on base; Milwaukee 0 - Washington 9
Sunday, March 24th , 2024 - OOTP Baseball 24.10 Build 82